 Dungeon Crawl Stone Soup version 0.30.1-11-g7821555f0a (webtiles) character file.

Game seed: 13343485055378019755

168 Zeor the Cutter (level 5, -1/35 (39) HPs)
             Began as a Demonspawn Gladiator on Nov 3, 2023.
             Slain by Sigmund
             ... wielding a +2 heavy scythe
              (4 damage)
             ... on level 2 of the Dungeon.
             The game lasted 00:06:06 (1979 turns).

Zeor the Cutter (Demonspawn Gladiator)              Turns: 1979, Time: 00:06:06

HP:   -1/35 (39)    AC:  5    Str: 15    XL:     5   Next: 23%
MP:   5/7           EV: 12    Int: 11    God:
Gold: 68            SH:  0    Dex: 14    Spells: 5/7 levels left

rFire   . . .        a - +0 rapier
rCold   . . .        (no shield)
rNeg    . . .        b - +0 leather armour
rPois   .            c - +0 helmet
rElec   .            (no cloak)
rCorr   .            (no gloves)
SInv    .            h - +0 pair of boots
Will    .....        (no amulet)
Stlth   +            (no ring)
HPRegen 0.25/turn    (no ring)
MPRegen 0.10/turn

%: no passive effects
@: heavily drained
A: weakness stinger 2
a: no special abilities


You were on level 2 of the Dungeon.
You visited 1 branch of the dungeon, and saw 2 of its levels.

You collected 68 gold pieces.

Inventory:

Hand Weapons
 a - a +0 rapier (weapon)
 i - a +2 dagger of speed
Missiles
 d - 4 throwing nets (quivered)
 e - a javelin
Armour
 b - a +0 leather armour (worn)
 c - a +0 helmet (worn)
 h - a +0 pair of boots (worn)


   Skills:
 + Level 2.6 Fighting
 + Level 3.4 Short Blades
 + Level 1.9 Throwing
 + Level 1.7 Armour
 + Level 3.4 Dodging
 + Level 0.3 Stealth
 * Level 1.6 Spellcasting
 * Level 0.5 Necromancy


You had 5 spell levels left.
You knew the following spells:

 Your Spells              Type           Power      Damage    Failure   Level
r - Cigotuvi's Dreadful   Necr/Pois/Air  2%         N/A       45%         2

Your spell library contained the following spells:

 Spells                   Type           Power      Damage    Failure   Level
 Freeze                   Ice            0%         1d3       36%         1
 Ozocubu's Armour         Ice            0%         N/A       75%         3
 Volatile Blastmotes      Fire/Tloc      0%         2d10      75%         3
 Dispel Undead            Necr           2%         3d7       96%         4
 Death Channel            Necr           1%         N/A       100%        6


Dungeon Overview and Level Annotations

Branches:
Dungeon (2/15)

Altars:

Annotations:
D:2 1 runed translucent door, Crazy Yiuf, Sigmund


Innate Abilities, Weirdness & Mutations

You have a tail ending in a sharp stinger.


Message History

Sigmund gestures wildly while chanting.
Sigmund flickers and vanishes!
Deactivating autopickup; reactivate with Ctrl-A.
Casting: Cigotuvi's Dreadful Rot (quite dangerous; 45% risk of failure)
Confirm with . or Enter, or press ? or * to list all spells.
The spell is quite dangerous to miscast (45% risk of failure)!
Continue anyway?
You miscast Cigotuvi's Dreadful Rot.
You are very lightly contaminated with residual magic.
Nothing appears to happen.
Something hits you!
Casting: Cigotuvi's Dreadful Rot (quite dangerous; 45% risk of failure)
Confirm with . or Enter, or press ? or * to list all spells.
The spell is quite dangerous to miscast (45% risk of failure)!
Continue anyway?
A part of your flesh rots into a cloud of miasma!
You feel drained. Something barely misses you. Something barely misses you.
You closely miss something.
Your magical contamination has completely faded away.
You hit something.
You hear some strange, mumbled words.
You are confused.
You bump into the rock wall.
Something hits you.
You bump into the rock wall.
You're too confused to move!
You hear some strange, mumbled words.
A puff of flame appears from out of thin air!
The puff of flame hits you. You resist.
You hit something.
Your tail-slap misses something.
Something hits you.
You bump into the rock wall.
You closely miss something.
Your tail-slap misses something.
You feel less confused.
You hit something but do no damage. Something hits you!!
Ouch! That really hurt!
* * * LOW HITPOINT WARNING * * *
You hit something.
Your magical effects are unravelling.
You feel magically purged.
Your resistance to elements expires.
Something hits you.
You die...

▒∙∙∙∙∙∙∙∙▒∙▒▒▒∙▒▒▒▒▒▒▒▒▒▒▒▒▒▒▒▒
▒∙▒▒▒▒▒∙∙▒∙▒ ▒∙∙∙∙∙∙∙∙∙∙(∙∙∙∙∙∙
▒▒▒∙▒ ▒∙∙▒∙▒ ▒▒▒▒▒▒▒▒▒▒▒▒▒▒▒▒▒▒
∙∙∙∙▒ ▒∙∙▒∙▒ ▒▒▒∙▒ ▒∙▒▒∙▒ ∙>∙∙▒
▒∙▒▒∙▒ ∙∙


∙∙∙∙∙∙ ∙∙▒▒∙▒ ▒∙ ▒▒▒▒▒▒ ▒∙▒▒▒∙▒▒▒▒▒▒▒▒ ▒∙ ▒∙∙∙∙∙∙∙∙6{∙∙▒ ▒∙ ▒▒▒▒▒▒▒▒▒▒▒∙∙▒ ▒∙
▒▒▒▒▒ ∙)▒ ∙▒▒▒▒▒∙ ∙∙∙∙∙ ∙∙▒ ∙∙∙∙∙∙∙ ∙∙∙∙∙ ∙∙▒ ▒▒▒▒▒▒▒▒∙∙ ∙∙∙∙∙ ∙∙▒ ▒∙∙∙∙∙∙∙∙∙
▒▒▒▒ ∙∙▒ ▒∙∙∙∙∙∙∙∙∙ ∙∙∙ ∙∙∙∙∙∙∙∙∙∙ ▒∙▒ ∙∙∙∙∙∙∙∙>∙ There were no monsters in
sight!

Vanquished Creatures
  A howler monkey (D:2)
  Jessica (D:2)
  Natasha (twice) (D:2)
  An adder (D:2)
  A worm (D:2)
  2 dart slugs (D:1)
  3 endoplasms
  4 hobgoblins
  4 jackals (D:1)
  A quokka (D:1)
  6 ball pythons (D:1)
  2 bats (D:1)
  2 frilled lizards (D:1)
  4 goblins
  5 kobolds
  7 rats
46 creatures vanquished.

Notes
Turn   | Place    | Note
-------+----------+-------------------------------------------
     0 | D:1      | Zeor the Demonspawn Gladiator began the quest for the Orb.
     0 | D:1      | Reached XP level 1. HP: 16/16 MP: 1/1
   285 | D:1      | Gained mutation: You have a small tail. [demonic ancestry]
   285 | D:1      | Reached XP level 2. HP: 22/22 MP: 2/2
   737 | D:1      | Reached XP level 3. HP: 21/27 MP: 4/4
  1260 | D:2      | Reached skill level 1 in Spellcasting
  1294 | D:2      | Noticed Jessica
  1304 | D:2      | Killed Jessica
  1305 | D:2      | Reached XP level 4. HP: 6/34 MP: 5/5
  1423 | D:2      | Got the Omnibus of the Glacier and the Burn
  1463 | D:2      | Learned a level 2 spell: Cigotuvi's Dreadful Rot
  1683 | D:2      | Found a runed translucent door.
  1684 | D:2      | Noticed Crazy Yiuf
  1718 | D:2      | Reached skill level 1 in Armour
  1726 | D:2      | Noticed Natasha
  1762 | D:2      | Killed Natasha
  1763 | D:2      | Gained mutation: You have a tail ending in a sharp stinger.
                  | [demonic ancestry]
  1763 | D:2      | Reached XP level 5. HP: 19/37 MP: 7/7
  1887 | D:2      | Noticed Natasha
  1895 | D:2      | Killed Natasha
  1950 | D:2      | Noticed Sigmund
  1953 | D:2      | fuck
  1979 | D:2      | Slain by Sigmund

Illustrated notes

▒∙∙∙∙∙∙∙∙▒∙▒▒▒∙▒▒▒▒▒▒▒▒▒▒▒▒▒▒▒▒
▒∙▒▒▒▒▒∙∙▒∙▒ ▒∙∙∙∙∙∙∙∙∙∙(∙∙∙∙∙∙
▒▒▒∙▒ ▒∙∙▒∙▒ ▒▒▒▒▒▒▒▒▒▒▒▒▒▒▒▒▒▒
∙∙∙∙▒ ▒∙∙▒∙▒ ▒▒▒∙▒ ▒∙▒▒∙▒ ∙>∙∙▒
▒∙▒▒∙▒ ∙∙


∙∙∙∙∙∙ ∙∙▒▒∙▒ ▒∙ ▒▒▒▒▒▒ ▒∙▒▒▒∙▒▒▒▒▒▒▒▒ ▒∙ ▒∙∙∙∙∙∙∙∙♣∙∙∙▒ ▒∙ ▒▒▒▒▒▒▒▒▒▒▒@∙▒ ▒∙
▒▒▒▒▒ )▒ ∙▒▒▒▒▒∙ ∙∙∙∙∙ ▒ ∙∙∙∙∙∙∙ ∙∙∙∙∙ ▒▒▒▒▒▒▒▒∙∙ ∙∙∙∙∙ ▒∙∙∙∙∙∙∙∙∙ ▒▒▒▒
▒∙∙∙∙∙∙∙∙∙ ∙∙∙∙∙∙∙∙∙∙ ▒∙▒ ∙∙∙∙∙∙∙∙>∙ Turn 1953 on D:2: fuck

Levels and vault maps discovered:
D:1:      nagdon_arrival_double_spiral, layout_loops_corners,
          kennysheep_nondescript
D:2:      layout_loops_ring, uniq_crazy_yiuf_cottage, uniq_sigmund,
          uniq_jessica, uniq_natasha

Skill      XL: |  1  2  3  4 |
---------------+-------------+-----
Dodging        | 3 |  3.4
Short Blades   | 3 |  3.4
Spellcasting   | 1 |  1.6
Armour         | 1 |  1.7
Fighting       | |  2.6
Throwing       | |  1.9
Stealth        | |  0.3
Necromancy     | |  0.5

Action                     |  1- 3 |  4- 6 || total
---------------------------+-------+-------++-------
  Melee: Rapier            |   124 |    69 ||   193
         Tailslap          |    14 |    14 ||    28
   Cast: Cigotuvi's Dreadf |       |     2 ||     2
    Use: Scroll            |     2 |     3 ||     5
         Potion            |       |     6 ||     6
   Stab: Sleeping          |     2 |       ||     2
 Armour: Leather armour    |    33 |    12 ||    45
  Dodge: Dodged            |    72 |    35 ||   107
